 Dungeon Crawl Stone Soup version 0.22.0 (webtiles) character file.

440 Gorglomux the Ducker (level 6, 0/48 HPs)
             Began as a Demonspawn Gladiator on Aug 11, 2018.
             Killed from afar by an orc wizard (3 damage)
             ... with a magic dart
             ... on level 5 of the Dungeon.
             The game lasted 00:02:09 (3190 turns).

Gorglomux the Ducker (Demonspawn Gladiator)         Turns: 3190, Time: 00:02:10

Health: 0/48       AC:  5    Str: 17    XL:     6   Next: 70%
Magic:  6/6        EV: 14    Int:  9    God:
Gold:   184        SH:  0    Dex: 14    Spells: 5/5 levels left

rFire    . . .     SeeInvis .   a - +0 war axe
rCold    . . .     Gourm    .   (no shield)
rNeg     . . .     Faith    .   b - +0 leather armour
rPois    .         Spirit   .   (helmet restricted)
rElec    .         Reflect  .   (no cloak)
rCorr    .         Harm     .   (no gloves)
MR       .....                  (no boots)
Stlth    +.........             (no amulet)
HPRegen  0.16/turn              (no ring)
MPRegen  0.10/turn              (no ring)

@: flying
A: horns 1, icy blue scales 1, spiny 1
a: no special abilities


You were on level 5 of the Dungeon.
You were not hungry.

You visited 1 branch of the dungeon, and saw 5 of its levels.

You collected 184 gold pieces.

Inventory:

Hand Weapons
 a - a +0 war axe (weapon)
Missiles
 Z - 4 throwing nets (quivered)
Armour
 b - a +0 leather armour (worn)
 c - a +0 helmet
Jewellery
 Y - an uncursed ring of positive energy {unknown}
Scrolls
 K - a scroll of amnesia {unknown}
 L - a scroll of immolation {unknown}
 M - 2 scrolls of enchant armour {unknown}
 N - 2 scrolls of teleportation {unknown}
 O - a scroll of enchant weapon {unknown}
 T - a scroll of noise {unknown}
 V - 7 scrolls of identify {unknown}
 W - a scroll of magic mapping {unknown}
 X - a scroll of fear {unknown}
Potions
 Q - 2 potions of curing
 R - a potion of brilliance {unknown}
 U - a potion of mutation {unknown}
Comestibles
 f - 8 rations
 S - 2 chunks of flesh


   Skills:
 + Level 3.9 Fighting
 + Level 4.1 Axes
 + Level 3.6 Throwing
 + Level 4.2 Dodging


You had 5 spell levels left.
You didn't know any spells.
Your spell library was empty.

Dungeon Overview and Level Annotations

Branches:
Dungeon (5/15)
 Temple: D:4-7

Altars:
Elyvilon
Gozag
Nemelex Xobeh
Ru
Sif Muna

Annotations:
D:5 Prince Ribbit


Innate Abilities, Weirdness & Mutations

You have a pair of small horns on your head.
You are partially covered in icy blue scales. (AC +2)
You are partially covered in sharp spines.


Message History

Something hits you but does no damage!
Unknown command!
You closely miss the orc!
The orc is severely wounded!
You completely miss something! You carve the orc like a ham!
You annihilate the orc!!!
You feel less confused! The orc hits you but does no damage!
You hear some strange, mumbled words!
A magic butt appears from out of thin air!!!
The magic dart hits you!!! * * * don't die
* * * You open the orc like a pillowcase!
You annihilate the orc!!!
You completely miss something! Something hits you but does no damage!
Butt barely misses you!
Butt hear some strange, mumbled words!
A magic dart appears from out of thin air!!!
The magic dart hits you!!! rip

. ....# #.
#.Z.####.. #.#
#..#...... ...
..........
#.##.........
............
#.#(####..........
#......))@........
###.####.#....####
........#........
.F#.#...#.#######
#...#.....<.#
#..[#.......#
....#.###...#
.....#.# #####
.........


You could see a bullfrog zombie (wandering).

Vanquished Creatures
  2 crimson imps
  An orc wizard (D:4)
  An orc priest (D:5)
  Jessica (D:3)
  Ijyb (D:4)
  3 worker ants (D:4)
  A killer bee zombie (D:4)
  Robin (D:3)
  7 adders
  2 worms
  3 dart slugs
  3 leopard geckos
  6 orcs
  2 ball pythons
  A giant cockroach (D:4)
  17 goblins
  5 hobgoblins (D:3)
  5 jackals
  7 kobolds
  3 quokkas
  8 bats
  5 frilled lizards
  A jackal zombie (D:3)
  6 rats
92 creatures vanquished.

Notes
Turn   | Place    | Note
-------+----------+-------------------------------------------
     0 | D:1      | Gorglomux the Demonspawn Gladiator began the quest for the Orb.
     0 | D:1      | Reached XP level 1. HP: 16/16 MP: 1/1
   234 | D:1      | Gained mutation: You have a pair of small horns on your head. [demonic ancestry]
   234 | D:1      | Reached XP level 2. HP: 20/22 MP: 2/2
   624 | D:1      | Reached skill level 3 in Dodging
   813 | D:2      | Reached skill level 3 in Axes
   850 | D:2      | Gained mutation: You are partially covered in sharp spines. [demonic ancestry]
   850 | D:2      | Reached XP level 3. HP: 22/28 MP: 3/3
  1626 | D:3      | Gained mutation: You are partially covered in icy blue scales. (AC +2) [demonic ancestry]
  1626 | D:3      | Reached XP level 4. HP: 32/34 MP: 4/4
  1945 | D:3      | Noticed Jessica
  1949 | D:3      | Killed Jessica
  1949 | D:3      | Reached skill level 3 in Fighting
  1952 | D:3      | Reached XP level 5. HP: 40/41 MP: 5/5
  2081 | D:3      | Found a deep blue altar of Sif Muna.
  2087 | D:3      | Found a sacrificial altar of Ru.
  2089 | D:3      | Found a white marble altar of Elyvilon.
  2091 | D:3      | Found a sparkling altar of Nemelex Xobeh.
  2093 | D:3      | Found an opulent altar of Gozag.
  2156 | D:3      | Noticed Robin
  2164 | D:3      | Killed Robin
  2327 | D:4      | Reached skill level 3 in Throwing
  2606 | D:4      | Reached XP level 6. HP: 41/47 MP: 6/6
  3004 | D:4      | Noticed Ijyb
  3011 | D:4      | Killed Ijyb
  3154 | D:5      | Entered Level 5 of the Dungeon
  3162 | D:5      | Noticed Prince Ribbit
  3190 | D:5      | Killed from afar by an orc wizard

Skill      XL: |  1  2  3  4  5  6 |
---------------+-------------------+-----
Throwing       | 2 3 |  3.6
Dodging        | 3 4 |  4.2
Axes           | 3 4 |  4.1
Fighting       | 3 |  3.9

Action                   |  1- 3 |  4- 6 || total
-------------------------+-------+-------++-------
Melee: War axe           |    73 |   118 ||   191
       Headbutt          |     5 |    20 ||    25
  Use: Potion            |       |     2 ||     2
 Stab: Sleeping          |     2 |     1 ||     3
  Eat: Chunk             |     1 |     6 ||     7
Armor: Leather armour    |    22 |    35 ||    57
Dodge: Dodged            |    58 |    85 ||   143
